Unix NetHack Version 5.0.0-0 post-release - last build Jun 10 2026 00:39:30 (3ee93aec679c4c4259841fe613dc97188e26a321,branch:main).

Game began 2026-06-11 10:14:23, ended 2026-06-11 11:21:17.

LDaviesPeters, neutral female human Archeologist

                                                                    ----------
                                                                    |..>.....|
                                                                 ###.........|
                           |                  #                 ##  |........|
                           |..                #---------------###   ----------
                           |........   ##f@####-..............#
                           ------+-           #|........(....|
                                              #|.............|
                                              #---------------     --------
                                              ##                   |....((|
                                               ##                  |..((.(|
                                                #                  |...]..|
                                                #                 #+.(....|
                                                #                 #|.(...(|
                                          ------#   ###############--------
                                          ......#####
                                          |....|#
                                          |...<.#
                                          -.----

LDaviesPeters the Field Worker  St:15 Dx:10 Co:12 In:17 Wi:15 Ch:8  Neutral
Dlvl:2  $:0  HP:0(22) Pw:16(16) AC:8  Xp:4 T:1964 

Latest messages:
 p - a +0 pick-axe.
 What do you want to adjust? [abf-ikln-pstxABD-FH-JLNP or ?*] t
 Adjust letter to what [c-ejmqrt-wyzCGKMOQ-Z] (? see used letters)? b
 Swapping: b - an uncursed bag called HoldingBag containing 7 items.
 What do you want to use or apply? [abfgklnptB or ?*] b
 You put 36 gold pieces into the bag called HoldingBag.
 You put a blessed scroll of confuse monster into the bag called HoldingBag.
 You put an uncursed scroll of confuse monster into the bag called HoldingBag.
 You put a cursed scroll of confuse monster into the bag called HoldingBag.
 You put an uncursed scroll of enchant weapon into the bag called HoldingBag.
 You put an uncursed scroll of gold detection into the bag called HoldingBag.
 You put an uncursed bubbly potion into the bag called HoldingBag.
 You put an uncursed pink potion into the bag called HoldingBag.
 You put an uncursed puce potion into the bag called HoldingBag.
 You see no objects here.
 You see here an unlocked chest containing 1 item.
 You put an empty uncursed sack into the chest.
 You put 2 uncursed worthless pieces of orange glass into the chest.
 You put an uncursed worthless piece of violet glass into the chest.
 What do you want to use or apply? [abfgklnpB or ?*] b
 c - an uncursed +0 fedora.
 U - a leather armor.
 C - an uncursed spellbook of confuse monster.
 You put an uncursed +0 fedora into the chest.
 You put a leather armor into the chest.
 You put an uncursed spellbook of confuse monster into the chest.
 What do you want to use or apply? [abfgklnpB or ?*] b
 z - an uncursed lamp called OilLamp.
 j - an uncursed lamp called OilLamp.
 You put an uncursed lamp called OilLamp into the chest.
 You put an uncursed lamp called OilLamp into the chest.
 You hear the chime of a cash register.
 The kitten bites!
 You miss the kitten.
 The kitten bites!
 The kitten bites!
 You miss the kitten.
 The kitten bites!
 The kitten bites!
 The kitten bites!
 The kitten bites!
 Are you sure you want to pray? [yn] (n) y
 You begin praying to Camaxtli.
 The kitten bites!
 You die...
 Do you want your possessions identified? [ynq] (y) y
 Do you want to see your attributes? [ynq] (y) y
 Do you want an account of creatures vanquished? [ynaq] (y) n
 Do you want to see your conduct and achievements? [ynq] (y) y
 Do you want to see the dungeon overview? [ynq] (y) n

Inventory:
 Weapons  (')')
  L - 2 +0 orcish daggers
  a - a blessed +2 bullwhip (weapon in right hand)
 Armor    ('[')
  I - a blessed +1 orcish helm (being worn)
  h - an uncursed burnt +0 leather jacket (being worn)
 Comestibles  ('%')
  i - an uncursed slime mold
 Rings    ('=')
  E - an uncursed ring of teleport control
 Tools    ('(')
  b - an uncursed bag of holding containing 11 items
  B - an uncursed blindfold
  k - an uncursed lock pick
  l - a cursed magic lamp
  n - a magic marker (0:32)
  p - a +0 pick-axe
  f - a tinning kit (0:92)
 Gems/Stones  ('*')
  g - an uncursed touchstone

Contents of the bag of holding:
  36 gold pieces
  the rustproof +2 Ogresmasher
  4 uncursed food rations
  a blessed scroll of confuse monster
  an uncursed scroll of confuse monster
  a cursed scroll of confuse monster
  an uncursed scroll of enchant weapon
  an uncursed scroll of gold detection
  an uncursed potion of hallucination
  an uncursed potion of healing
  an uncursed potion of speed

LDaviesPeters the Archeologist's attributes:

Background:
 You were a Field Worker, a level 4 female human Archeologist.
 You were neutral, on a mission for Camaxtli
 who was opposed by Quetzalcoatl (lawful) and Huhetotl (chaotic).
 You were right-handed.
 You were in the Dungeons of Doom, on level 2.
 You entered the dungeon 1964 turns ago.
 You had 121 experience points, 39 more were needed to attain level 5.

Basics:
 You had 0 out of 22 hit points.
 You had all 16 energy points (spell power).
 Your armor class was 8.
 Your wallet was empty, but
 you had 36 zorkmids stashed away in your pack.
 Autopickup was off.

Final Characteristics:
 Your strength was 15 (limit:18/100).
 Your dexterity was 10 (limit:18).
 Your constitution was 12 (limit:18).
 Your intelligence was 17 (limit:18).
 Your wisdom was 15 (limit:18).
 Your charisma was 8 (limit:18).

Final Status:
 You weren't hungry.
 You were unencumbered.
 You were wielding a whip.
 You had basic skill with whip.

Final Attributes:
 You were devoutly aligned.
 You had automatic searching.
 You are dead.

Miscellaneous:
 You didn't encounter any bones levels.
 Total elapsed playing time was 43 minutes and 34 seconds.

Major events:
 Turn
    1: LDaviesPeters the neutral female human Archeologist entered the dungeon
 1245: attained the rank of Field Worker (level 3)
 1797: was bestowed with Ogresmasher by Camaxtli
 1964: killed by a kitten, while praying

Spells:
 Name                 Level Category     Fail Retention
 confuse monster        1   enchantment   27%  76%-100%

Skills:
 Fighting Skills
   bare handed combat [Unskilled]
   two weapon combat  [Unskilled]
   riding             [Unskilled]
 Weapon Skills
   dagger             [Unskilled]
   knife              [Unskilled]
   pick-axe           [Basic]
   short sword        [Unskilled]
   saber              [Unskilled]
   club               [Unskilled]
   hammer             [Unskilled]
   quarterstaff       [Unskilled]
   sling              [Unskilled]
   dart               [Unskilled]
   boomerang          [Unskilled]
   whip               [Basic]
   unicorn horn       [Unskilled]
 Spellcasting Skills
   attack spells      [Unskilled]
   healing spells     [Unskilled]
   divination spells  [Unskilled]
   matter spells      [Unskilled]

Voluntary challenges:
 Character rerolling was not enabled.
 You never genocided any monsters.
 You never polymorphed an object.
 You never changed form.
 You used no wishes.
Achievements:
 You entered a shop.
 You attained the rank of Field Worker.

 The Dungeons of Doom: levels 1 to 2
    Level 1:
       An altar to Camaxtli, a sink.
    Level 2: <- You were here.
       A tool shop.
       Final resting place for
          you, killed by a kitten, while praying.


Vanquished creatures:
 an acid blob
  5 giant rats
  3 green molds
  2 gnome zombies
  5 geckos
  6 jackals
  3 foxes
  4 goblins
  2 sewer rats
  5 grid bugs
  8 lichens
  a kobold zombie
  2 newts
47 creatures vanquished.

No species were genocided or became extinct.

Game over:
                       ----------
                      /          \
                     /    REST    \
                    /      IN      \
                   /     PEACE      \
                  /                  \
                  |  LDaviesPeters   |
                  |      36 Au       |
                  |   killed by a    |
                  |      kitten      |
                  |                  |
                  |                  |
                  |       2026       |
                 *|     *  *  *      | *
        _________)/\\_//(\/(/\)/\//\/|_)_______

Goodbye LDaviesPeters the Archeologist...

You died in The Dungeons of Doom on dungeon level 2 with 567 points,
and 36 pieces of gold, after 1964 moves.
You were level 4 with a maximum of 22 hit points when you died.

